 Dungeon Crawl Stone Soup version 0.29.1-14-g9c671dbff4 (webtiles) character file.

Game seed: 12338467423515107668

67347 croobank the Spry (level 14, -1/70 HPs)
             Began as a Felid Summoner on Feb 17, 2023.
             Was an Initiate of Gozag.
             Killed by an exploding white very ugly thing (15 damage)
             ... ignited by their inner flame
             ... in an ice cave.
             The game lasted 02:36:02 (38459 turns).

croobank the Spry (Felid Summoner)                 Turns: 38459, Time: 02:36:02

Health: -1/70      AC:  3    Str:  4    XL:     14   Next: 82%
Magic:  29/31      EV: 30    Int: 27    God:    Gozag
Gold:   4644       SH:  0    Dex: 17    Spells: 2/37 levels left
                                        Lives:  0   Deaths: 4

rFire   + . .      SeeInvis +   (weapon unavailable)
rCold   + + .      Faith    .   (shield unavailable)
rNeg    . . .      Spirit   .   (body armour unavailable)
rPois   .          Reflect  .   (helmet unavailable)
rElec   .          Harm     .   (cloak unavailable)
rCorr   +          Rampage  .   (gloves unavailable)
Will    ++...                   (boots unavailable)
Stlth   +.........              y - amulet of magic regeneration
HPRegen 0.21/turn               f - +6 ring of intelligence
MPRegen 0.62/turn               I - ring of Xehysm {rF+ rC+ rCorr}

@: gold aura, very slow
A: very small, claws 1, fangs 3, see invisible, speed 1, shaggy fur 3, stealthy
paws, no weapons or thrown items, no armour, multi-lived
a: Renounce Religion, Potion Petition, Call Merchant, Bribe Branch


You were in an ice cave.
You worshipped Gozag.
Gozag was most pleased with you.
You visited 5 branches of the dungeon, and saw 25 of its levels.
You also visited: Ice Cave and Volcano.

You collected 8590 gold pieces.
You spent 3240 gold pieces at shops.
You paid 706 gold pieces to Gozag.

Inventory:

Jewellery
 f - a +6 ring of intelligence (left paw)
 g - an amulet of the acrobat
 l - a +4 ring of evasion
 t - a ring of positive energy
 u - a +6 ring of dexterity
 y - an amulet of magic regeneration (around neck)
 C - a +6 ring of strength
 D - a ring of magical power
 I - the ring of Xehysm (right paw) {rF+ rC+ rCorr}
   (You bought it in a shop on level 3 of the Lair of Beasts)

   [ring of resist corrosion]

   rF:        It protects you from fire.
   rC:        It protects you from cold.
   rCorr:     It protects you from acid and corrosion.
 J - a ring of protection from fire
 K - the ring "Carit" {rElec Will+ Str-5 SInv Stlth+}
   (You bought it in a shop on level 3 of the Lair of Beasts)

   [ring of willpower]

   Str:       It affects your strength (-5).
   rElec:     It insulates you from electricity.
   SInv:      It lets you see invisible.
   Will:      It increases your willpower.
   Stlth:     It makes you more stealthy.
 O - a +4 ring of evasion
 P - a ring of protection from cold
 R - a ring of flight
 U - a ring of ice
 V - the necklace of Bloodlust {*Rage Will++ Int-3 Slay+6}
   (You found it on level 1 of the Snake Pit)

   [amulet of nothing]

   It extends the wearer's berserk rage when killing foes.
   Int:       It affects your intelligence (-3).
   Slay:      It affects your accuracy & damage with ranged weapons and melee
   (+6).
   *Rage:     It berserks you when you make melee attacks (+50% chance).
   Will:      It greatly increases your willpower.
Wands
 b - a wand of digging (5)
 e - a wand of flame (36)
 x - a wand of iceblast (4)
 A - a wand of mindburst (6)
 H - a wand of quicksilver (4)
 T - a wand of polymorph (4)
Scrolls
 a - 2 scrolls of magic mapping
 i - 6 scrolls of identify
 p - 2 scrolls of teleportation
 B - a scroll of amnesia
 L - 2 scrolls of torment
 M - 2 scrolls of immolation
 N - 2 scrolls of vulnerability
Potions
 c - 8 potions of attraction
 d - 4 potions of brilliance
 h - 5 potions of flight
 j - 2 potions of haste
 k - 5 potions of mutation
 m - 2 potions of ambrosia
 n - 5 potions of lignification
 o - 4 potions of degeneration
 q - 5 potions of berserk rage
 r - 8 potions of might
 s - 3 potions of magic
 v - 7 potions of curing
 z - a potion of heal wounds
 F - 2 potions of invisibility
 G - a potion of cancellation
Miscellaneous
 w - a phial of floods (inert)
 E - a lightning rod (4/4)
 Q - a condenser vane (inert)


   Skills:
 + Level 13.3 Fighting
 + Level 17.1 Dodging
 - Level 3.0 Stealth
 + Level 12.2 Spellcasting
 - Level 3.0 Conjurations
 + Level 6.6 Hexes
 - Level 12.5 Summonings
 + Level 7.7 Fire Magic
 - Level 7.0 Air Magic
 - Level 6.5 Poison Magic


You had 2 spell levels left.
You knew the following spells:

 Your Spells              Type           Power      Damage    Failure   Level
a - Ignite Poison         Fire/Tmut/Pois 42%        N/A       1%          3
c - Call Canine Familiar  Summ           71%        N/A       1%          3
d - Summon Guardian Gole  Hex/Summ       61%        N/A       1%          3
e - Summon Lightning Spi  Summ/Air       62%        N/A       1%          4
f - Foxfire               Conj/Fire      100%       2x1d9     1%          1
g - Inner Flame           Hex/Fire       53%        N/A       1%          3
h - Poisonous Vapours     Pois/Air       100%       N/A       1%          2
i - Airstrike             Air            26%        2d(4-20)  1%          4
j - Olgreb's Toxic Radia  Pois           51%        N/A       2%          4
k - Summon Mana Viper     Hex/Summ       61%        N/A       1%          5
l - Mephitic Cloud        Conj/Pois/Air  46%        N/A       1%          3

Your spell library contained the following spells:

 Spells                   Type           Power      Damage    Failure   Level
 Sting                    Tmut/Pois      100%       1d8       1%          1
 Summon Small Mammal      Summ           100%       N/A       1%          1
 Call Imp                 Summ           71%        N/A       1%          2
 Conjure Flame            Conj/Fire      45%        6-21      1%          3
 Flame Wave               Conj/Fire      45%        2d12      3%          4
 Anguish                  Hex/Necr       17%        N/A       9%          4
 Lightning Bolt           Conj/Air       21%        1d36      12%         5
 Monstrous Menagerie      Summ           35%        N/A       17%         7
 Freezing Cloud           Conj/Ice/Air   17%        6-21      24%         5
 Enfeeble                 Hex            25%        N/A       88%         7
 Corpse Rot               Necr/Pois/Air  Unusable   N/A       N/A         4

Dungeon Overview and Level Annotations

Branches:
Dungeon (15/15)            Temple (1/1) D:5            Lair (5/5) D:10
 Shoals (0/4) Lair:2        Snake (2/4) Lair:3        Slime (0/5) Lair:4
    Orc (2/2) D:12            Elf (0/3) Orc:2        Vaults (0/5) D:13
 Depths (0/4) D:15          IceCv (1/1)             Volcano (visited)

Altars:
Ashenzari
Cheibriados
Dithmenos
Elyvilon
Fedhas
Gozag
Hepliaklqana
Kikubaaqudgha
Makhleb
Nemelex Xobeh
Okawaru
Qazlal
Ru
Sif Muna
Trog
Uskayaw
Vehumet
Wu Jian
Xom
Yredelemnul
Zin
The Shining One
Ignis
Jiyva
Lugonu

Shops:
D:3 (   D:4 *   D:5 (   D:14 =(   Orc:2 ?((:*   Lair:3 =

Portals:
Trove: D:14 (show abyssal rune of Zot)

Annotations:
D:8 Erica IceCv 1 transporter, exclusion: orange crystal statue


Innate Abilities, Weirdness & Mutations

You have sharp claws.
You have razor-sharp teeth.
You have supernaturally acute eyesight. (SInv)
You cover ground quickly. (Speed+)
Your thick and shaggy fur keeps you warm. (AC +3, rC+)
Your paws help you pounce on unaware monsters.
You are incapable of wielding weapons or throwing items.
You cannot wear armour.
You gain extra lives every three experience levels.


Message History

Flame seeps out of the white very ugly thing.
The white very ugly thing is severely wounded.
The foxfire hits the white very ugly thing.
Flame seeps out of the white very ugly thing.
The white very ugly thing is severely wounded.
The white very ugly thing is engulfed in blazing flames.
Flame seeps out of the white very ugly thing.
The white very ugly thing gores your lightning spire!!
The white very ugly thing freezes your lightning spire.
Your lightning spire resists.
The freezing wraith is distracted by your dazzling golden aura.
The foxfire hits the white very ugly thing.
Flame seeps out of the white very ugly thing.
The white very ugly thing is severely wounded.
The foxfire hits the white very ugly thing but does no damage.
The white very ugly thing is severely wounded.
The white very ugly thing is engulfed in blazing flames.
Flame seeps out of the white very ugly thing.
The white very ugly thing gores your lightning spire!!
Your lightning spire is destroyed!
Your lightning spire disappears in a puff of smoke!
The orange crystal statue is distracted by your dazzling golden aura.
Aim the phial where?
Press: ? - help, Shift-Dir - straight line, f - white very ugly thing
Aim: a white very ugly thing (almost dead, inner flame)
The torrent of water hits the white very ugly thing!
Flame seeps out of the white very ugly thing.
The white very ugly thing is almost dead.
The wave splashes down.
Splash!
You fall into the shallow water.
Moving in this stuff is going to be slow.
The white very ugly thing is engulfed in water.
The freezing wraith is no longer distracted by gold.
The white very ugly thing is engulfed in blazing flames.
You hear a splash.
The white very ugly thing explodes!
The fiery explosion engulfs you! You resist.
You die...
Your body crumbles into a pile of gold.

#...........#
#....○☼°.§..#
##$.§§§..§§..#
#...§.§...$...#
#...§8§§.8....#
#..~...(....$.#
##..§§§[(....#
#.~§○§©$[...#
##.§@8©8.$.##
###########
8uW©..8#
8.W.....8#
8.........8
.....$:[....
#∩...$:8$$...
#############


You could see a white very ugly thing, an orange crystal statue and 2 freezing
wraiths.

Vanquished Creatures
  2 very ugly things
  An ironbound preserver (D:13)
  2 hydras
  An ogre mage (D:15)
  2 centaur warriors
  2 anacondas
  3 two-headed ogres
  A catoblepas (Lair:1)
  A naga warrior (Snake:1)
  3 orc high priests (Orc:2)
  Sonja (Lair:5)
  A skeletal warrior (Volcano)
  A salamander mystic (Snake:2)
  A wizard (D:14)
  2 anaconda skeletons (Volcano)
  2 orc knights (Orc:2)
  2 naga ritualists
  12 ugly things
  3 manticores
  A cyclops (D:11)
  3 black mambas
  An elephant (Lair:5)
  4 cane toads
  An eye of devastation (Lair:4)
  A gargoyle (Volcano)
  2 komodo dragons
  2 unseen horrors
  An anaconda simulacrum (IceCv)
  4 trolls
  A golden dragon simulacrum (IceCv)
  A meliai (D:14)
  4 blink frogs
  A hornet (Lair:5)
  A shadow (D:13)
  2 dire elephant simulacra (IceCv)
  15 yaks
  3 spriggans (Lair:5)
  2 basilisks
  2 harpy simulacra (IceCv)
  5 vampire mosquitoes
  2 nagas (Snake:1)
  3 water moccasins
  An acid dragon (D:11)
  9 orc warriors (Orc:2)
  A black bear (Lair:2)
  A sky beast (D:8)
  2 boggarts (Lair:5)
  4 ogres
  2 centaurs
  4 wolves
  3 bullfrogs
  A wight (D:9)
  A killer bee (D:10)
  A lindwurm simulacrum (IceCv)
  3 electric eels
  A hound (D:10)
  14 orc priests
  An iguana (D:3)
  4 orc wizards
  An adder (D:6)
  A white imp (D:7)
  A dart slug (D:2)
  27 orcs
  2 goblins (D:1)
  A hobgoblin (D:1)
  2 quokkas (D:2)
  A bat (D:1)
  A kobold (D:3)
  A rat (D:1)
196 creatures vanquished.

Vanquished Creatures (collateral kills)
  An ettin (Orc:1)
  An ice dragon (D:15)
  2 hydras
  7 boulder beetles
  2 catoblepae
  4 two-headed ogres
  5 centaur warriors
  A naga sharpshooter (Snake:1)
  An orc high priest (Orc:2)
  Urug (D:11)
  Nergalle (D:11)
  A skeletal warrior (Volcano)
  A fire crab (Lair:5)
  A naga ritualist (Snake:2)
  Pikel (D:5)
  An anaconda skeleton (Volcano)
  2 mana vipers (Snake:2)
  6 ugly things
  An orc knight (Orc:2)
  2 orc sorcerers (Orc:1)
  4 cyclopes
  5 salamanders
  3 manticores
  4 elephants
  A guardian serpent (Lair:3)
  5 black mambas
  The ghost of Wobber the Magician, a novice DEHW (D:6)
  A naga mage (Snake:2)
  A gargoyle (D:12)
  13 cane toads
  Maggie (D:8)
  6 komodo dragons
  An efreet (D:15)
  2 tengu conjurers (D:15)
  A meliai (D:14)
  5 polar bears
  3 hornets (Lair:5)
  5 dream sheep (Lair:5)
  4 blink frogs
  3 flying skulls (Volcano)
  4 wyverns
  2 wraiths
  6 spriggans (Lair:5)
  2 shadows
  3 basilisks
  22 yaks
  A golden eye (shapeshifter) (D:14)
  2 steam dragons
  2 vampire mosquitoes
  A harpy simulacrum (IceCv)
  2 acid dragons
  A naga (Snake:1)
  3 wargs
  8 water moccasins
  Duvessa (D:7)
  A floating eye (Lair:4)
  19 orc warriors
  3 sky beasts (D:6)
  6 black bears
  3 ice beasts
  3 ogres
  15 wolves
  2 boggarts (Lair:5)
  5 centaurs
  A phantom (D:6)
  5 kobold brigands
  6 bullfrogs
  3 necrophages
  9 wights
  Dowan (D:7)
  8 killer bees
  6 howler monkeys
  6 crimson imps (D:9)
  2 gnoll boudas
  3 jellies
  10 orc priests
  9 hounds
  5 iguanas
  Terence (D:2)
  12 orc wizards
  13 gnolls
  11 adders
  7 white imps
  An ufetubus (D:5)
  A worm (D:2)
  53 orcs
  A ball python (D:1)
  5 endoplasms
  4 giant cockroaches
  8 goblins
  5 hobgoblins
  3 jackals (D:2)
  30 kobolds
  2 quokkas (D:2)
  4 bats
  3 frilled lizards
  35 foxfires
501 creatures vanquished.

Vanquished Creatures (others)
  A fire dragon (D:15)
  4 hydras
  A boulder beetle (D:6)
  A two-headed ogre (D:10)
  An anaconda (Snake:2)
  An orc high priest (Orc:2)
  An orc knight (Orc:2)
  A mana viper (Snake:2)
  A cyclops (D:10)
  An elephant (Lair:5)
  Joseph (D:8)
  2 gargoyles (Volcano)
  A cane toad (Lair:5)
  2 komodo dragons
  3 trolls
  A meliai (D:14)
  A hornet (Lair:5)
  A spriggan (Lair:5)
  A wyvern (D:10)
  14 yaks
  A water moccasin (Lair:5)
  3 black bears (Lair:5)
  A sky beast (D:6)
  A wolf (Lair:5)
  A centaur (D:5)
  A gnoll sergeant (D:10)
  2 killer bees (D:8)
  A troll skeleton (Volcano)
  A spriggan skeleton (Volcano)
  An orc wizard (D:10)
  3 gnolls
  4 orcs
  1484 foxfires
  26 fungi
  23 plants
1593 creatures vanquished.

Grand Total: 2290 creatures vanquished

Notes
Turn   | Place    | Note
-------+----------+-------------------------------------------
     0 | D:1      | croobank the Felid Summoner began the quest for the Orb.
     0 | D:1      | Reached XP level 1. HP: 7/7 MP: 4/4
    29 | D:1      | Found a faded altar of an unknown god.
   157 | D:1      | Noticed an eye of devastation
   158 | D:1      | Noticed a great orb of eyes
   160 | D:1      | Noticed a golden eye
   160 | D:1      | Noticed a great orb of eyes
   359 | D:1      | Reached skill level 3 in Dodging
   464 | D:1      | Reached XP level 2. HP: 11/11 MP: 3/6
   469 | D:1      | Learned a level 2 spell: Call Imp
  1073 | D:2      | Reached XP level 3. HP: 15/15 MP: 2/7
  1077 | D:2      | Learned a level 3 spell: Call Canine Familiar
  1225 | D:2      | Reached skill level 1 in Fighting
  2013 | D:2      | Reached XP level 4. HP: 19/19 MP: 8/8
  2033 | D:2      | Identified the +7 sling of Extremism {freeze, rC+ Int+3
                  | Dex+3}
  2175 | D:2      | Noticed Terence
  2189 | D:2      | Killed Terence
  2560 | D:3      | Reached skill level 1 in Hexes
  3337 | D:3      | Reached skill level 4 in Dodging
  3337 | D:3      | Reached XP level 5. HP: 22/22 MP: 0/10
  3417 | D:3      | Learned a level 3 spell: Summon Guardian Golem
  3420 | D:3      | Found Hozxe's Antique Weapon Shoppe.
  3863 | D:4      | Found Ytraizekk's General Store.
  3872 | D:4      | Bought a scroll of identify for 26 gold pieces
  4687 | D:5      | Entered Level 5 of the Dungeon
  4902 | D:5      | Found a staircase to the Ecumenical Temple.
  4915 | D:5      | Gained mutation: You are covered in thick fur. (AC +2)
                  | [Felid growth]
  4915 | D:5      | Reached XP level 6. HP: 15/27 MP: 1/11
  5047 | Temple   | Entered the Ecumenical Temple
  5101 | Temple   | Became a worshipper of Gozag Ym Sagoz the Greedy
  5233 | D:5      | Reached skill level 5 in Summonings
  5388 | D:5      | Noticed a water moccasin
  5467 | D:5      | Reached skill level 5 in Dodging
  5727 | D:5      | Killed a water moccasin
  5728 | D:5      | Reached XP level 7. HP: 31/31 MP: 5/13
  5744 | D:5      | Noticed Pikel
  5759 | D:5      | Killed Pikel
  5760 | D:5      | Reached skill level 6 in Dodging
  5760 | D:5      | Reached skill level 5 in Hexes
  5760 | D:5      | Reached XP level 8. HP: 35/36 MP: 2/15
  5789 | D:5      | Shot with an arrow by a centaur
  5790 | D:5      | Reached XP level 7. HP: 0/31 MP: 0/14
  5798 | D:5      | Learned a level 4 spell: Summon Lightning Spire
  5973 | D:5      | Reached skill level 1 in Air Magic
  6708 | D:5      | Found Yrhowytz's Antique Weapon Shop.
  7229 | D:6      | Learned a level 1 spell: Foxfire
  7521 | D:6      | Reached XP level 8. HP: 36/36 MP: 0/16
  7530 | D:6      | Reached skill level 7 in Dodging
  8296 | D:6      | Reached skill level 5 in Spellcasting
  8618 | D:6      | Reached skill level 1 in Fire Magic
  8862 | D:6      | Noticed a boulder beetle
  8894 | D:6      | Killed a boulder beetle
  8895 | D:6      | Reached skill level 5 in Fighting
  8895 | D:6      | Reached XP level 9. HP: 38/40 MP: 5/18
  9097 | D:6      | Found a runed translucent gate.
  9098 | D:6      | Found a runed translucent gate.
  9098 | D:6      | Found a runed translucent gate.
  9101 | D:6      | Noticed Wobber's ghost (novice DEHW)
  9118 | D:6      | Killed Wobber's ghost
  9119 | D:6      | Reached skill level 8 in Dodging
  9614 | D:6      | Reached skill level 5 in Air Magic
 10379 | D:7      | Noticed Dowan
 10381 | D:7      | Noticed Duvessa
 10386 | D:7      | Killed Dowan
 10390 | D:7      | Killed Duvessa
 10960 | D:7      | Reached XP level 10. HP: 45/45 MP: 16/20
 10987 | D:7      | HP: 2/45 [orc priest/nerve-wracking pain (14)]
 11884 | D:7      | Identified the +9 hand axe of Reapportionment {holy, *Slow
                  | Str+4 Dex+3}
 11922 | D:8      | Noticed Erica
 12625 | D:8      | Reached skill level 9 in Dodging
 12696 | D:8      | Noticed Maggie
 12723 | D:8      | Killed Maggie
 12943 | D:8      | Slain by a wyvern
 12944 | D:8      | Reached XP level 9. HP: 0/42 MP: 15/19
 13111 | D:8      | Noticed Joseph
 13130 | D:8      | Killed Joseph
 13761 | D:9      | Learned a level 3 spell: Inner Flame
 14475 | D:9      | Reached XP level 10. HP: 46/46 MP: 17/21
 15061 | D:10     | Entered Level 10 of the Dungeon
 15095 | D:10     | Reached skill level 10 in Dodging
 15356 | D:10     | Noticed a two-headed ogre
 15366 | D:10     | Killed a two-headed ogre
 15450 | D:10     | Found a staircase to the Lair.
 15492 | D:10     | Identified the +1 cloak "Reluh" {rCorr}
 15537 | D:10     | Noticed a cyclops
 15550 | D:10     | Killed a cyclops
 15579 | D:10     | Reached XP level 11. HP: 51/51 MP: 20/23
 16308 | D:11     | Noticed Urug
 16318 | D:11     | Killed Urug
 16336 | D:11     | Found an iron altar of Okawaru.
 16390 | D:11     | Reached skill level 11 in Dodging
 16577 | D:11     | Noticed a seven-headed hydra
 16589 | D:11     | Noticed Nergalle
 16599 | D:11     | Killed a seven-headed hydra
 16905 | D:12     | Noticed a two-headed ogre
 16913 | D:12     | Killed a two-headed ogre
 16959 | D:12     | Noticed a two-headed ogre
 16971 | D:12     | Killed a two-headed ogre
 17107 | D:11     | Noticed a boulder beetle
 17122 | D:11     | Killed a boulder beetle
 17281 | D:11     | Reached skill level 12 in Dodging
 17382 | D:11     | Noticed a spectral orc warlord
 17401 | D:11     | Killed Nergalle
 17402 | D:11     | Reached skill level 10 in Summonings
 17723 | Lair:1   | Entered Level 1 of the Lair of Beasts
 17759 | Lair:1   | Gained mutation: Your thick and shaggy fur keeps you warm.
                  | (AC +3, rC+) [Felid growth]
 17759 | Lair:1   | Reached XP level 12. HP: 57/57 MP: 17/25
 17820 | Lair:1   | Noticed a catoblepas
 17841 | Lair:1   | Killed a catoblepas
 18007 | Lair:1   | Noticed an eight-headed hydra
 18022 | Lair:1   | Killed an eight-headed hydra
 18246 | Lair:1   | Reached skill level 13 in Dodging
 18475 | Lair:1   | Noticed a seven-headed hydra
 18486 | Lair:1   | Killed a seven-headed hydra
 18487 | Lair:1   | Reached skill level 10 in Fighting
 18740 | Lair:2   | Identified the -2 pair of gloves of Failure {*Corrode
                  | +Blink Fly rElec Int+3}
 18944 | Lair:2   | Noticed an eight-headed hydra
 18951 | Lair:2   | Killed an eight-headed hydra
 19287 | Lair:2   | Found a staircase to the Shoals.
 19882 | Lair:3   | Reached skill level 10 in Spellcasting
 19910 | Lair:3   | Found a staircase to the Snake Pit.
 19921 | Lair:3   | Bought the ring of Xehysm {rF+ rC+ rCorr} for 615 gold
                  | pieces
 19921 | Lair:3   | Bought a ring of protection from fire for 375 gold pieces
 19952 | Lair:3   | Found a dark tunnel.
 19959 | Lair:3   | Learned a level 2 spell: Poisonous Vapours
 19964 | Lair:3   | Learned a level 4 spell: Airstrike
 19965 | Volcano  | Entered a volcano
 20082 | Volcano  | Reached skill level 1 in Conjurations
 20101 | Volcano  | Slain by a skeletal warrior
 20102 | Volcano  | Reached XP level 11. HP: -2/55 MP: 8/26
 20206 | Volcano  | Killed a skeletal warrior
 20207 | Volcano  | Reached skill level 14 in Dodging
 20421 | Volcano  | Noticed a skeletal warrior
 20431 | Volcano  | Killed a skeletal warrior
 20432 | Volcano  | Reached XP level 12. HP: 19/59 MP: 21/27
 21536 | Lair:3   | Bought the ring "Carit" {rElec Will+ Str-5 SInv Stlth+} for
                  | 532 gold pieces
 21902 | Lair:3   | Noticed an eight-headed hydra
 21911 | Lair:3   | Killed an eight-headed hydra
 22484 | Lair:4   | Learned a level 4 spell: Olgreb's Toxic Radiance
 22518 | Lair:4   | Reached skill level 1 in Poison Magic
 22647 | Lair:4   | Paralysed by a floating eye for 4 turns
 22766 | Lair:4   | Found a snail-covered altar of Cheibriados.
 22794 | Lair:4   | Noticed a catoblepas
 22810 | Lair:4   | Killed a catoblepas
 22990 | Lair:4   | Found a viscous altar of Jiyva.
 22992 | Lair:4   | Found a staircase to the Slime Pits.
 23376 | Lair:5   | Entered Level 5 of the Lair of Beasts
 23474 | Lair:5   | Reached XP level 13. HP: 63/63 MP: 16/28
 24117 | Lair:5   | Noticed Sonja
 24156 | Lair:4   | Reached skill level 15 in Dodging
 24778 | Lair:5   | Reached skill level 5 in Fire Magic
 24994 | Lair:5   | Reached skill level 5 in Poison Magic
 25393 | Lair:5   | Killed Sonja
 26802 | D:12     | Found a stormy altar of Qazlal.
 27059 | D:12     | Found a staircase to the Orcish Mines.
 27832 | Orc:1    | Entered Level 1 of the Orcish Mines
 27832 | Orc:1    | Noticed an ettin
 27840 | Orc:1    | Killed an ettin
 27900 | Orc:1    | Reached XP level 14. HP: 69/69 MP: 21/30
 28371 | Orc:2    | Entered Level 2 of the Orcish Mines
 28532 | Orc:2    | Found a staircase to the Elven Halls.
 28894 | Orc:2    | Found Ureshril's General Store.
 28900 | Orc:2    | Bought a wand of flame (12) for 117 gold pieces
 28932 | Orc:2    | HP: 1/69 [orc priest/divine providence (13)]
 30264 | Orc:2    | Found Kesme's Book Emporium.
 30264 | Orc:2    | Found Ighagegu's Weapon Emporium.
 30265 | Orc:2    | Found Caaretis's Antique Weapon Shoppe.
 30265 | Orc:2    | Found Exouhumn's Magic Scroll Emporium.
 30273 | Orc:2    | Bought a scroll of teleportation for 48 gold pieces
 30273 | Orc:2    | Bought a scroll of magic mapping for 120 gold pieces
 30273 | Orc:2    | Bought a scroll of butterflies for 64 gold pieces
 30273 | Orc:2    | Bought 2 scrolls of identify for 64 gold pieces
 30557 | D:13     | Found a gate to the Vaults.
 30557 | D:13     | Noticed an ironbound preserver
 30696 | Orc:2    | Bought a Trismegistus Codex for 392 gold pieces
 30696 | Orc:2    | Bought the Secrets of the Escort for 392 gold pieces
 30702 | Orc:2    | Learned a level 5 spell: Summon Mana Viper
 31398 | D:13     | Killed an ironbound preserver
 31451 | D:13     | Reached skill level 16 in Dodging
 32587 | D:14     | Found Gaheef's Jewellery Boutique.
 33097 | D:14     | Bought a ring of magical power for 220 gold pieces
 33097 | D:14     | Bought a ring of protection from cold for 275 gold pieces
 33434 | D:14     | Found Evosegal's Antique Weapon Boutique.
 33531 | D:14     | Shot with an arrow by a centaur warrior
 33532 | D:14     | Reached XP level 13. HP: -9/65 MP: 20/29
 34595 | D:14     | Found a portal to a secret trove of treasure.
 34695 | D:15     | Entered Level 15 of the Dungeon
 34778 | D:15     | Reached XP level 14. HP: 69/69 MP: 13/30
 35716 | D:15     | Found a glowing silver altar of Zin.
 36130 | D:15     | Found a staircase to the Depths.
 36860 | Lair:3   | Learned a level 3 spell: Mephitic Cloud
 36864 | Snake:1  | Entered Level 1 of the Snake Pit
 36869 | Snake:1  | Learned a level 3 spell: Ignite Poison
 37840 | Snake:1  | Found the necklace of Bloodlust {*Rage Will++ Int-3 Slay+6}
 38321 | Snake:2  | Noticed a white very ugly thing
 38333 | Snake:2  | Killed a white very ugly thing
 38334 | Snake:2  | Reached skill level 17 in Dodging
 38363 | Snake:2  | Found a frozen archway.
 38443 | IceCv    | Entered an ice cave
 38443 | IceCv    | Noticed a white very ugly thing
 38448 | IceCv    | Found a transporter.
 38449 | IceCv    | Noticed a white very ugly thing
 38459 | IceCv    | Killed a white very ugly thing
 38459 | IceCv    | Killed by an exploding white very ugly thing... ignited by
                  | their inner flame

Illustrated notes

Levels and vault maps discovered:
D:1:      minmay_arrival_up_and_down, layout_loops_ring,
          hellmonk_ecumenical_altar_watching_god, serial_forest,
          infiniplex_forest_clump_curved, infiniplex_forest_lined_3,
          infiniplex_forest_clump_C, infiniplex_forest_lined_3,
          infiniplex_forest_clump_small, infiniplex_forest_lined_room_2
D:2:      minmay_recursive_quarters, layout_basic, chequers_mini_garden,
          uniq_terence
D:3:      layout_loops_ring, serial_shops, shop
D:4:      layout_loops_ring, serial_shops, nicolae_shop_trees
D:5:      nicolae_cairo_tiling_large_dashed, layout_basic,
          minmay_temple_entry_proselytizer, serial_shops, shop, uniq_pikel
D:6:      wad_guarded_room, layout_basic, ebering_ghost_rock_garden
D:7:      layout_gridville, amcnicky_mini_pool_medium, uniq_duvessa
D:8:      layout_basic, uniq_joseph, uniq_maggie, uniq_erica
D:9:      layout_basic, minmay_nine_imps
D:10:     layout_rooms, erik_lair_island, hangedman_decor_points,
          minmay_quadrilaterals
D:11:     layout_basic, grunt_ministairs_3, okawaru_ov_weapons_minmay,
          uniq_urug, uniq_nergalle
D:12:     layout_grid_maze, david_orc_5, nicolae_qazlal_general_emergency
D:13:     layout_stronghold, skrybe_vaults_entry_preservation
D:14:     layout_cave_pools, nicolae_triple_integral,
          nicolae_trove_entry_columns, serial_shops, shop, shop_coins
D:15:     grunt_enter_depths_hoard, layout_gridville, zin_treasury
Temple:   hellmonk_choose_your_character
Lair:1:   hellmonk_destroyed_diamonds, layout_gridlike, serial_bayou_pond_b,
          lemuel_fruit_fields, infiniplex_staircase_pool_2
Lair:2:   layout_small_grid, elwin_shoals_entry_rocks
Lair:3:   layout_cave_pods, minmay_snake_entry_spellcaster,
          nicolae_volcano_entry_s_turn, grunt_megastairs_2
Lair:4:   layout_big_grid, minmay_slime_entry_eyes, basic_altar
Lair:5:   minmay_lair_end_enchanted_forest, layout_gridlike, uniq_sonja
Snake:1:  layout_onion_interference, nicolae_snake_gridmaze_entwining,
          st_stairs_7, serial_bayou_shore_b
Snake:2:  layout_layer_cave, serial_shops, shop,
          portal_ice_cave_entry_ugly_swarm, grunt_megastairs_5
Orc:1:    layout_diamond_mine
Orc:2:    st_orc_pillars, layout_caves, serial_shops, nicolae_shop_crystal
IceCv:    ice_cave_statue_garden_transporter

Skill      XL: |  1  2  3  4  5  6  7  8  9 10 11 12 13 14 |
---------------+-------------------------------------------+-----
Stealth        | 3 |  3.0
Dodging        | 3 4 5 6 7 8 10 14 13 15 17 | 17.1
Fighting       | 1 2 3 4 5 7 9 11 12 13 | 13.3
Hexes          | 1 2 3 5 6 |  6.6
Spellcasting   | 3 4 5 6 7 8 10 11 12 | 12.2
Summonings     | 5 6 8 10 11 12 | 12.5
Air Magic      | 2 4 5 7 |  7.0
Fire Magic     | 2 3 4 5 7 |  7.7
Conjurations   | 2 3 |  3.0
Poison Magic   | 3 5 6 |  6.5

Action                   |  1- 3 |  4- 6 |  7- 9 | 10-12 | 13-15 || total
-------------------------+-------+-------+-------+-------+-------++-------
Melee: Unarmed           |    14 |    19 |    16 |    28 |    17 ||    94
       Punch             |       |       |     1 |     1 |     1 ||     3
       Bite              |       |       |     1 |     7 |       ||     8
 Cast: Summon Small Mamm |    20 |    32 |    42 |    11 |    16 ||   121
       Call Imp          |     6 |    17 |    22 |    13 |     4 ||    62
       Call Canine Famil |     8 |    29 |    39 |    58 |    53 ||   187
       Summon Guardian G |       |     7 |    17 |    57 |    60 ||   141
       Foxfire           |       |       |    39 |   458 |   391 ||   888
       Summon Lightning  |       |       |    39 |   119 |   146 ||   304
       Inner Flame       |       |       |       |     8 |   131 ||   139
       Summon Mana Viper |       |       |       |       |    28 ||    28
       Olgreb's Toxic Ra |       |       |       |       |     4 ||     4
       Poisonous Vapours |       |       |       |       |     3 ||     3
       Mephitic Cloud    |       |       |       |       |     1 ||     1
       Ignite Poison     |       |       |       |       |     1 ||     1
Invok: Call Merchant     |       |       |       |     1 |       ||     1
Evoke: Wand              |       |       |     7 |       |    11 ||    18
       Phial of floods   |       |       |       |       |     2 ||     2
       Condenser vane    |       |       |       |       |     1 ||     1
  Use: Scroll            |       |     3 |    10 |    13 |    15 ||    41
       Potion            |       |     1 |     1 |     1 |     9 ||    12
 Stab: Sleeping          |     5 |     4 |     2 |       |       ||    11
       Distracted        |       |     1 |       |       |     1 ||     2
Armor: Skin              |     2 |     2 |     6 |     2 |     3 ||    15
Dodge: Dodged            |    12 |    35 |    58 |    98 |   221 ||   424
